 Dungeon Crawl Stone Soup version 0.20.2-3-g29329e0561 (webtiles) character file.

199 Alfie the Shield-Bearer (level 5, -2/46 HPs)
             Began as a Hill Orc Fighter on Nov 28, 2023.
             Slain by an orc
             ... wielding a +0 mace
              (6 damage)
             ... on level 3 of the Dungeon.
             The game lasted 00:03:28 (1523 turns).

Alfie the Shield-Bearer (Hill Orc Fighter)          Turns: 1523, Time: 00:03:31

Health: -2/46      AC:  7    Str: 20    XL:     5   Next: 77%
Magic:  5/5        EV:  7    Int:  8    God:
Gold:   106        SH:  9    Dex: 10    Spells: 4/4 levels left

rFire    . . .     SeeInvis .   a - +0 rapier
rCold    . . .     Gourm    .   c - +0 shield
rNeg     . . .     Faith    .   b - +0 scale mail
rPois    .         Spirit   .   (no helmet)
rElec    .         Reflect  .   (no cloak)
rCorr    .         Harm     .   (no gloves)
MR       .....                  (no boots)
Stlth    ..........             (no amulet)
Regen    0.2/turn               (no ring)
MPRegen  0.1/turn               (no ring)

@: slowed, very slow
A: no striking features
a: no special abilities


You were on level 3 of the Dungeon.
You were not hungry.

You visited 1 branch of the dungeon, and saw 3 of its levels.

You collected 106 gold pieces.

Inventory:

Hand Weapons
 a - a +0 rapier (weapon)
Missiles
 l - 4 tomahawks (quivered)
Armour
 b - a +0 scale mail (worn)
 c - a +0 shield (worn)
Scrolls
 j - 7 scrolls of identify {unknown}
 m - a scroll of blinking {unknown}
 n - 3 scrolls of teleportation {unknown}
Potions
 h - a potion of mutation {unknown}
Comestibles
 d - a chunk of flesh
 f - a bread ration
 g - 3 meat rations
 i - a royal jelly
 k - 2 fruits


   Skills:
 + Level 4.2 Fighting
 + Level 3.4 Short Blades
 + Level 4.4 Armour
 + Level 0.8 Dodging
 + Level 0.1 Stealth
 + Level 4.5 Shields


You had 4 spell levels left.
You didn't know any spells.

Dungeon Overview and Level Annotations

Branches:
Dungeon (3/15)

Altars:
Trog
Yredelemnul


Message History

You block the orc wizard's attack.
You hit the orc but do no damage.
The orc is moderately wounded.
The orc hits you but does no damage. You block the orc's attack.
The orc wizard casts a spell at you. The magic dart hits you!
* * * LOW HITPOINT WARNING * * *
The orc barely misses you. The orc hits you with a trident.
* * * LOW HITPOINT WARNING * * *
Your shield prevents you from hitting the orc.
The orc is lightly wounded.
The orc wizard gestures wildly while chanting.
The orc wizard blinks!
You block the orc's attack. The orc barely misses you.
You hit the orc but do no damage.
The orc is lightly wounded.
The orc hits you with a trident.
* * * LOW HITPOINT WARNING * * *
The orc hits you but does no damage. You block the orc's attack.
You block the orc wizard's attack. The orc hits you with a mace.
You die...

+.....#.............(.
#...#.#...............
#.).#.#...............
#.#.#'########....
#####.#.#.#### #....
#......).....# #....
#.###.##.....# #..#'
#o##.....# #..#.
#@###+#### #..##
#....oo.# #.......#
#.......# #.......#
.........# ####.......
.........


You could see an orc wizard and 2 orcs.

Vanquished Creatures
  The ghost of Alfie the Skirmisher, an amateur HOFi (D:3)
  A worm (D:2)
  A dart slug (D:2)
  3 leopard geckos
  3 orcs (D:3)
  A bat (D:1)
  4 giant cockroaches
  7 goblins
  6 hobgoblins
  2 jackals (D:2)
  7 kobolds
  A ball python (D:1)
  A frilled lizard (D:1)
  5 rats
43 creatures vanquished.

Notes
Turn   | Place    | Note
-------+----------+-------------------------------------------
     0 | D:1      | Alfie the Hill Orc Fighter began the quest for the Orb.
     0 | D:1      | Reached XP level 1. HP: 19/19 MP: 1/1
   100 | D:1      | Reached XP level 2. HP: 27/27 MP: 2/2
   527 | D:1      | Reached XP level 3. HP: 31/33 MP: 3/3
   746 | D:2      | Found a bloodstained altar of Trog.
   886 | D:2      | Found a basalt altar of Yredelemnul.
  1386 | D:3      | Noticed Alfie's ghost (amateur HOFi)
  1398 | D:3      | Killed Alfie's ghost
  1398 | D:3      | Reached XP level 4. HP: 29/40 MP: 4/4
  1398 | D:3      | Reached XP level 5. HP: 34/46 MP: 5/5
  1523 | D:3      | Slain by an orc

Skill      XL: |  1  2  3 |
---------------+----------+-----
Shields        | 4 |  4.5
Fighting       | 4 |  4.2
Short Blades   | 3 |  3.4
Armour         | 4 |  4.4
Dodging        | |  0.8
Stealth        | |  0.1

Action                   |  1- 3 |  4- 6 || total
-------------------------+-------+-------++-------
Melee: Rapier            |   169 |    37 ||   206
  Use: Potion            |     1 |     2 ||     3
  Eat: Chunk             |     1 |     1 ||     2
Armor: Scale mail        |    66 |    19 ||    85
Dodge: Dodged            |    47 |    14 ||    61
Block: Shield            |    87 |    36 ||   123
